cohdb
Replays
Latest Replays
All Replays
Popular Replays
Top Player Replays
Match Explorer
How It Works
Community
CoH3 Stats
Reddit
Sign in to upload your games and track your stats! →
Sign in with Steam
Match 44278733
Unlisted
Match 44278733
Overview
Messages
Build Orders
End
Kradschützen Motorcycle Team
Panzergrenadier Squad
250 Light Carrier
Panzergrenadier Squad
Construct Light Support Kompanie
Panzerpioneer Squad
Selects Armored Support Battlegroup
Selects Armored Support Battlegroup
Selects Superior Fire Drills
Assault Mechanized Group
MG34 Team
Fire Support Elements
Combat Half-tracks
Flakvierling Half-track
Pak 38 Anti-tank Gun Team
Assault Grenadier Squad
Selects Flammpanzer III Medium Tank
Flammpanzer III Medium Tank
Flammpanzer III Medium Tank
Panzerjäger Mechanized Group
Selects Command Panzer IV F Medium Tank
2.5-tonne Medical Truck
Pak 38 Anti-tank Gun Team
Pak 38 Mechanized Group
XuZhongwei
764095253
Badam
路过的玩家
Orcinus orca
TAC
Maggot
2nd~Armor~Cluster
0
0
Comments
sign in to comment!
No comments posted yet!